 Dungeon Crawl Stone Soup version 0.19.0-19-g8c6edcc (webtiles) character file.

234 vev the Ducker (level 5, 0/42 HPs)
             Began as a Demonspawn Fire Elementalist on Nov 14, 2016.
             Slain by an ogre
             ... wielding a cursed +0 giant spiked club
              (28 damage)
             ... on level 4 of the Dungeon.
             The game lasted 00:05:36 (3546 turns).

vev the Ducker (Demonspawn Fire Elementalist)       Turns: 3546, Time: 00:05:37

Health: 0/42       AC:  3    Str:  9    XL:     5   Next: 75%
Magic:  0/8        EV: 13    Int: 16    God:
Gold:   174        SH:  0    Dex: 14    Spells: 1 memorised, 7 levels left

rFire  . . .     SeeInvis .     l - +0 war axe
rCold  . . .     Gourm    .     p - +0 leather armour
rNeg   . . .     Faith    .     (no shield)
rPois  .         Spirit   .     (helmet restricted)
rElec  .         Reflect  .     (no cloak)
rCorr  .         Harm     .     (no gloves)
MR     .....                    (no boots)
Stlth  +++.......               (no amulet)
                                n - ring of flight
                                D - ring of wizardry

@: lethally poisoned (0 -> -2)
A: antennae 1, nightstalker 1, powered by pain 1
a: Evoke Flight


You were on level 4 of the Dungeon.
You were hungry.

You visited 1 branch of the dungeon, and saw 4 of its levels.

You collected 174 gold pieces.

Inventory:

Hand Weapons
 e - a +0 short sword
 k - a +0 flail
 l - a +0 war axe (weapon)
Missiles
 B - a throwing net (quivered)
Armour
 a - a +0 robe
 f - +0 storm dragon scales
 p - a +0 leather armour (worn)
 v - a +0 scale mail
 E - a +0 shield
Jewellery
 n - a ring of flight (right hand)
 D - a ring of wizardry (left hand)
Wands
 u - a wand of hasting (4/9)
Scrolls
 d - 2 scrolls of magic mapping {unknown}
 g - 5 scrolls of teleportation {unknown}
 j - 2 scrolls of remove curse {unknown}
 m - 4 scrolls of random uselessness {unknown}
 w - a scroll of fog {unknown}
 x - a scroll of immolation {unknown}
 y - a scroll of identify {unknown}
 F - a scroll of amnesia {unknown}
Potions
 i - 2 potions of mutation {unknown}
 o - 3 potions of haste {unknown}
 q - 2 potions of berserk rage {unknown}
 r - 3 potions of brilliance {unknown}
 s - a potion of curing {unknown}
 t - 2 potions of ambrosia {unknown}
Books
 b - a book of Flames

   Spells                             Type                      Level
   a - Flame Tongue                   Conjuration/Fire             1
   b - Throw Flame                    Conjuration/Fire             2
   c - Conjure Flame                  Conjuration/Fire             3
   d - Inner Flame                    Hexes/Fire                   3
   e - Sticky Flame                   Conjuration/Fire             4
   f - Fireball                       Conjuration/Fire             5
Comestibles
 c - 3 bread rations
 h - 3 fruits
 z - 2 royal jellies
 A - a meat ration
 C - 2 chunks of flesh


   Skills:
 + Level 3.7 Fighting
 + Level 4.2 Dodging
 - Level 1.7 Stealth
 - Level 2.0 Spellcasting
 - Level 1.0 Conjurations
 - Level 2.6 Fire Magic


You had 7 spell levels left.
You knew the following spells:

 Your Spells              Type           Power        Failure   Level  Hunger
a - Flame Tongue          Conj/Fire      #....        7%          1    #......


Dungeon Overview and Level Annotations

Branches:
Dungeon (4/15)
 Temple: D:4-7

Altars:
Vehumet

Shops:
D:4 [


Innate Abilities, Weirdness & Mutations

You have a pair of small antennae on your head.
You are slightly more attuned to the shadows.
You sometimes gain a little power by taking damage.


Message History

Unknown command.
Casting: Flame Tongue
Confirm with . or Enter, or press ? or * to list all spells.
Aiming: Flame Tongue
Press: ? - help, Shift-Dir - straight line, f/p - adder
Aim: an adder (almost dead)
The flame tongue hits the adder.
You kill the adder!
* * * LOW MAGIC WARNING * * *
Unknown command.
You hit the ogre.
The ogre is almost dead.
The ogre misses you.
Unknown command.
You hit the ogre.
The ogre is almost dead.
You feel sick. The ogre closely misses you.
The ogre hits you with a giant spiked club!!
Ouch! That really hurt!
You die...

...... .. .o....##
##.. .......##... ...
..........# ....
.............. .....
#...........# ....
.#.........o####..##.
...........oO@.......
............##.......
.
#.....#######...###.
. #..# #...##
.########.######...#
............#.....##
..............#..##
.....(....#.##..###
.......∩..#.........


You could see an ogre and 2 orcs.

Vanquished Creatures
  A hound (D:4)
  Jessica (D:2)
  Ijyb (D:2)
  A hound skeleton (D:4)
  8 adders
  2 oozes
  A dart slug (D:1)
  3 leopard geckos
  5 orcs
  2 giant cockroaches
  5 goblins
  5 hobgoblins
  6 kobolds
  2 quokkas
  2 ball pythons
  10 bats
  3 frilled lizards
  6 rats
64 creatures vanquished.

Notes
Turn   | Place    | Note
-------+----------+-------------------------------------------
     0 | D:1      | vev the Demonspawn Fire Elementalist began the quest for the Orb.
     0 | D:1      | Reached XP level 1. HP: 13/13 MP: 3/3
    90 | D:1      | Reached skill level 1 in Fighting
    90 | D:1      | Reached skill level 2 in Dodging
   291 | D:1      | Gained mutation: You have a pair of small antennae on your head. [demonic ancestry]
   291 | D:1      | Reached XP level 2. HP: 19/21 MP: 0/5
  1254 | D:2      | Reached XP level 3. HP: 24/27 MP: 1/6
  1375 | D:2      | Noticed Ijyb
  1384 | D:2      | Killed Ijyb
  1384 | D:2      | Reached skill level 2 in Fighting
  1384 | D:2      | Reached skill level 3 in Dodging
  1384 | D:2      | Gained mutation: You sometimes gain a little power by taking damage. [demonic ancestry]
  1384 | D:2      | Reached XP level 4. HP: 33/33 MP: 0/7
  2007 | D:2      | Noticed Jessica
  2022 | D:2      | Killed Jessica
  2264 | D:3      | Reached skill level 3 in Fighting
  2339 | D:3      | Gained mutation: You are slightly more attuned to the shadows. [demonic ancestry]
  2339 | D:3      | Reached XP level 5. HP: 41/41 MP: 4/8
  3371 | D:4      | Noticed a phantom
  3372 | D:4      | Found a radiant altar of Vehumet.
  3379 | D:4      | Found Geseriur's Armour Emporium.
  3388 | D:4      | Reached skill level 4 in Dodging
  3532 | D:4      | Noticed an ogre
  3546 | D:4      | Slain by an ogre

Skill      XL: |  1  2  3  4  5 |
---------------+----------------+-----
Fighting       | 1 2 3 |  3.7
Dodging        | 2 3 4 |  4.2
Stealth        | |  1.7
Spellcasting   | |  2.0
Conjurations   | |  1.0
Fire Magic     | |  2.6

Action                   |  1- 3 |  4- 6 || total
-------------------------+-------+-------++-------
Melee: Short sword       |     4 |       ||     4
       Flail             |       |    39 ||    39
       War axe           |       |    24 ||    24
 Cast: Flame Tongue      |    48 |    70 ||   118
 Stab: Sleeping          |       |     2 ||     2
  Eat: Chunk             |     2 |     8 ||    10
Armor: Robe              |     3 |     5 ||     8
       Scale mail        |       |    10 ||    10
       Leather armour    |       |     9 ||     9
Dodge: Dodged            |    18 |    97 ||   115
